Map: [ESL] Inside and Out

Players

Maplez - Winner!

  • Race: Protoss Protoss
  • Spawn Location: 7:00

FightingFrog

  • Race: Protoss Protoss
  • Spawn Location: 1:00

Event: DreamHack SC2 Masters 2022 Valencia

VOD

Have the link to the VOD?

Description

Time

  • Played on: July 1, 2022, 2:33 p.m.
  • Length: 9:03

All games in this series

Show
View Real Time Build Order
Export as new Build Order

Maplez Protoss - Winner!

Build Orders: Oracle Opening 

Get SALT Encoding   

  12  0:00  Probe  
  13  0:12  Probe  
  14  0:17  Pylon  
  14  0:24  Probe (Chrono Boost)  
  16  0:36  Probe (Chrono Boost)  
  16  0:37  Gateway  
  16  0:43  Probe (Chrono Boost)  
  16  0:46  Assimilator  
  17  0:50  Probe  
  17  0:56  Assimilator  
  18  1:03  Probe  
  19  1:10  Gateway  
  19  1:15  Probe  
  20  1:27  Probe  
  20  1:30  Cybernetics Core  
  21  1:39  Pylon  
  21  1:41  Probe  
  22  1:51  Pylon  
  22  1:53  Probe  
  23  2:05  Probe  
  24  2:11  Adept x2 (Chrono Boost)  
  24  2:13  Warp Gate  
  28  2:20  Stargate  
  28  2:30  Pylon  
  28  2:42  Stalker  
  30  2:48  Stalker  
  30  2:51  Pylon  
  31  2:54  Probe  
  32  3:08  Oracle (Chrono Boost)  
  32  3:10  Probe  
  36  3:32  Nexus  
  36  3:37  Probe  
  37  3:42  Pylon  
  37  4:00  Oracle (Chrono Boost)  
  36  4:14  Probe  
  36  4:15  Twilight Council  
  36  4:16  Adept  
  36  4:17  Adept  
  39  4:26  Probe  
  40  4:39  Probe  
  40  4:44  Shield Battery  
  39  4:46  Probe  
  39  4:51  Probe, Blink (Chrono Boost)  
  41  4:54  Stalker x2  
  41  4:59  Probe  
  46  5:04  Probe  
  47  5:11  Probe  
  45  5:23  Stalker x2  
  49  5:31  Probe  
  49  5:33  Probe  
  49  5:34  Gateway x2  
  49  5:35  Assimilator  
  47  5:43  Probe  
  47  5:45  Probe  
  49  5:51  Pylon  
  49  5:54  Stalker x2  
  49  5:55  Probe  
  54  5:58  Probe  
  55  6:07  Probe  
  55  6:10  Probe, Gateway  
  56  6:20  Stalker x2, Probe  
  59  6:28  Pylon  
  59  6:29  Stalker x2  
  62  6:45  Stalker x2  
  66  6:50  Stalker  
  67  6:59  Pylon  
  67  7:01  Stalker  
  69  7:05  Nexus  
  69  7:07  Adept  
  69  7:08  Adept  
  59  7:32  Stalker x5  
  59  7:35  Probe  
  66  7:46  Probe  
  65  7:56  Probe  
  66  7:59  Probe  
  66  8:02  Gateway x2  
  66  8:03  Forge  
  61  8:13  Stalker  
  61  8:14  Stalker x2  
  59  8:34  Stalker x2  
  59  8:38  Stalker x3  
  67  8:46  Pylon, Probe x2  
  69  8:59  Stalker x2  
Show
View Real Time Build Order
Export as new Build Order

FightingFrog Protoss 

Build Orders: Phoenix Opening 

Get SALT Encoding   

  12  0:00  Probe  
  13  0:12  Probe  
  14  0:18  Pylon  
  14  0:24  Probe  
  15  0:36  Probe (Chrono Boost)  
  15  0:37  Gateway  
  16  0:45  Probe (Chrono Boost)  
  16  0:47  Assimilator  
  17  0:50  Probe (Chrono Boost)  
  18  1:02  Probe  
  19  1:15  Probe  
  20  1:24  Cybernetics Core  
  20  1:27  Probe  
  20  1:29  Pylon  
  20  1:31  Assimilator  
  21  1:39  Probe  
  22  1:47  Zealot (Chrono Boost)  
  22  1:51  Probe  
  25  2:01  Warp Gate  
  25  2:03  Probe  
  26  2:11  Sentry (Chrono Boost)  
  26  2:15  Probe  
  29  2:17  Pylon  
  30  2:35  Stalker (Chrono Boost)  
  30  2:40  Pylon, Phoenix  
  31  2:52  Stargate  
  31  2:55  Gateway  
  31  2:57  Nexus  
  31  2:58  Probe  
  32  3:09  Shield Battery  
  32  3:10  Probe  
  32  3:22  Probe  
  32  3:26  Stalker  
  35  3:31  Pylon  
  35  3:32  Shield Battery  
  35  3:34  Probe  
  36  3:43  Phoenix (Chrono Boost)  
  35  4:06  Probe  
  33  4:14  Probe  
  34  4:18  Probe  
  34  4:22  Phoenix (Chrono Boost)  
  37  4:26  Probe  
  37  4:30  Probe  
  39  4:37  Stalker  
  39  4:38  Stalker  
  43  4:40  Probe  
  43  4:43  Probe  
  45  4:50  Phoenix  
  45  4:52  Probe  
  48  4:55  Probe  
  49  5:04  Probe  
  49  5:07  Probe  
  49  5:08  Stalker  
  49  5:13  Phoenix  
  49  5:16  Probe  
  49  5:19  Probe  
  48  5:28  Probe (Chrono Boost)  
  50  5:36  Twilight Council  
  50  5:39  Probe (Chrono Boost)  
  51  5:43  Probe (Chrono Boost)  
  51  5:48  Probe (Chrono Boost)  
  52  5:50  Pylon  
  52  5:53  Probe x2 (Chrono Boost)  
  54  6:05  Robotics Facility  
  54  6:08  Probe x2  
  56  6:14  Phoenix  
  56  6:20  Probe x2, Blink (Chrono Boost)  
  58  6:29  Stalker, Sentry  
  62  6:33  Pylon  
  62  6:39  Pylon  
  62  6:45  Assimilator  
  62  6:51  Probe x2  
  62  6:54  Nexus  
  64  6:56  Pylon  
  64  7:01  Stalker x2  
  64  7:03  Probe  
  64  7:05  Pylon  
  63  7:17  Probe x2  
  63  7:25  Stalker x2  
  69  7:34  Pylon  
  66  7:37  Pylon  
  66  7:40  Immortal (Chrono Boost)  
  57  7:52  Pylon  
  51  7:59  Probe x2  
  45  8:11  Probe x2  
  41  8:16  Stalker  
  38  8:23  Probe x2  
  40  8:31  Stalker  
  38  8:35  Probe x2  
  43  8:45  Sentry  
  43  8:47  Probe x2  
  46  8:51  Gateway  
  46  8:55  Shield Battery  

Tags
 
Add a new tag
Caveats
  • Supply blocks, unpowered buildings, or Contaminate may cause inaccurate times.
  • Supply counts are checked every 10 seconds.